 Dungeon Crawl Stone Soup version 0.23-a0-860-g8ff03fb (webtiles) character file.

466 Blitz the Cudgeler (level 7, -3/84 HPs)
             Began as a Human Berserker on Jan 27, 2019.
             Was a Priest of Trog.
             Slain by an orc warrior
             ... wielding a cursed -1 glaive
              (8 damage)
             ... on level 4 of the Dungeon.
             The game lasted 00:11:33 (2783 turns).

Blitz the Cudgeler (Human Berserker)                Turns: 2783, Time: 00:11:34

Health: -3/84      AC: 10    Str: 25    XL:     7   Next: 30%
Magic:  7/7        EV:  9    Int:  7    God:    Trog [***...]
Gold:   190        SH:  0    Dex: 12    Spells: 6/6 levels left

rFire    . . .     SeeInvis .   B - +0 flail
rCold    . . .     Gourm    .   (no shield)
rNeg     . . .     Faith    .   C - +0 chain mail
rPois    .         Spirit   .   (no helmet)
rElec    .         Reflect  .   j - +0 cloak (curse)
rCorr    .         Harm     .   (no gloves)
MR       .....                  (no boots)
Stlth    ..........             (no amulet)
HPRegen  0.24/turn              (no ring)
MPRegen  0.10/turn              (no ring)

@: berserking, very quick
A: no striking features
a: Berserk, Trog's Hand, Renounce Religion


You were on level 4 of the Dungeon.
You worshipped Trog.
Trog was most pleased with you.
You were hungry.

You visited 1 branch of the dungeon, and saw 4 of its levels.

You collected 190 gold pieces.

Inventory:

Hand Weapons
 a - a +0 mace
 d - a +0 whip
 k - a +0 mace
 r - a +0 scythe
 u - a +0 trident
 B - a +0 flail (weapon)
Missiles
 e - 100 stones (quivered)
Armour
 b - a +0 animal skin
 f - a cursed +0 shield
 j - a cursed +0 cloak (worn)
 n - a +0 leather armour
 s - a +2 robe of magic resistance
 C - a +0 chain mail (worn)
Jewellery
 l - an uncursed amulet of regeneration {unknown}
 t - an uncursed ring of protection from magic {unknown}
 z - an uncursed ring of poison resistance {unknown}
Scrolls
 o - 2 scrolls of identify {unknown}
 p - 2 scrolls of teleportation
 q - 3 scrolls of remove curse {unknown}
 v - a scroll of immolation {unknown}
 w - a scroll of noise {unknown}
 x - a scroll of enchant armour {unknown}
 y - a scroll of blinking {unknown}
Potions
 g - 3 potions of curing {unknown}
 h - 2 potions of agility {unknown}
 i - a potion of might {unknown}
 m - a potion of mutation {unknown}
 A - a potion of cancellation {unknown}
Comestibles
 c - 6 rations
 D - 2 chunks of flesh


   Skills:
 + Level 5.0 Fighting
 + Level 5.8 Maces & Flails
 + Level 1.4 Throwing
 + Level 2.5 Armour
 - Level 2.0 Dodging
 + Level 1.6 Stealth


You had 6 spell levels left.
You didn't know any spells.
Your spell library was empty.

Dungeon Overview and Level Annotations

Branches:
Dungeon (4/15)
 Temple: D:4-7

Altars:
Ashenzari
Gozag
Kikubaaqudgha
Qazlal
Ru
Trog


Message History

The orc warrior is lightly wounded.
The orc warrior barely misses you.
You sock the orc warrior!
The orc warrior is heavily wounded.
The orc warrior hits you with a cursed -1 glaive!!
* * * LOW HITPOINT WARNING * * *
A red film seems to cover your vision as you go berserk!
You feel yourself moving faster!
You feel mighty!
You are feeling hungry.
You closely miss the orc warrior.
The orc warrior is heavily wounded.
The orc warrior hits you with a cursed -1 glaive!
* * * LOW HITPOINT WARNING * * *
You are too berserk!
You closely miss the orc warrior.
The orc warrior is heavily wounded.
You sock the orc warrior!
The orc warrior is almost dead.
The orc warrior hits you with a cursed -1 glaive!
You die...

#. #.# ##.####
##########.....#
####........#.....##########
#....######.#...............
###....## #@#.....#######...
#.......#####o#.....# #.#.
#..........##oo....## #...
#.......##.##)#...## ###..#
#.................# #.....
#.#...##########.## #.##.#
#.#...# #)# ####.##.#
#.#.#.# ##'##


#PPP.PPPP #.....# ##...## #P.P.P.P. You could see an orc warrior and 2 orcs.

Vanquished Creatures
  Sigmund (D:2)
  A scorpion (D:4)
  A howler monkey (D:4)
  An orc priest (D:4)
  A worker ant (D:4)
  A hound skeleton (D:4)
  5 adders (D:3)
  An ooze (D:1)
  2 worms
  6 dart slugs
  2 leopard geckos
  8 orcs
  3 giant cockroaches
  8 goblins
  8 hobgoblins
  5 jackals
  5 kobolds
  2 quokkas
  2 ball pythons (D:2)
  10 bats
  4 frilled lizards
  A quokka skeleton (D:4)
  4 rats
  A fungus (D:1)
83 creatures vanquished.

Vanquished Creatures (others)
  2 jackals (D:3)
  3 toadstools (D:1)
5 creatures vanquished.

Grand Total: 88 creatures vanquished

Notes
Turn   | Place    | Note
-------+----------+-------------------------------------------
     0 | D:1      | Blitz the Human Berserker began the quest for the Orb.
     0 | D:1      | Reached XP level 1. HP: 18/18 MP: 1/1
   210 | D:1      | Reached XP level 2. HP: 18/24 MP: 2/2
   381 | D:1      | HP: 1/24 [jackal (3)]
   383 | D:1      | Reached XP level 3. HP: 3/29 MP: 3/3
   968 | D:1      | Reached ** piety under Trog
  1165 | D:2      | Noticed Sigmund
  1177 | D:2      | Killed Sigmund
  1177 | D:2      | Reached skill level 1 in Stealth
  1177 | D:2      | Reached XP level 4. HP: 38/38 MP: 4/4
  1177 | D:2      | Reached XP level 5. HP: 43/43 MP: 5/5
  1177 | D:2      | Reached XP level 6. HP: 49/49 MP: 6/6
  1494 | D:2      | Found a faded altar of an unknown god.
  1719 | D:3      | Reached skill level 5 in Maces & Flails
  1731 | D:3      | Found a sacrificial altar of Ru.
  1731 | D:3      | Found a stormy altar of Qazlal.
  1732 | D:3      | Found a shattered altar of Ashenzari.
  1732 | D:3      | Found an opulent altar of Gozag.
  1732 | D:3      | Found a bloodstained altar of Trog.
  1733 | D:3      | Found an ancient bone altar of Kikubaaqudgha.
  2456 | D:3      | Reached skill level 1 in Throwing
  2517 | D:4      | Reached *** piety under Trog
  2545 | D:4      | Noticed an ogre
  2644 | D:4      | Reached XP level 7. HP: 46/55 MP: 7/7
  2722 | D:4      | Reached skill level 5 in Fighting
  2783 | D:4      | Slain by an orc warrior

Vault maps used:
D:1:      evilmike_arrival_home_sweet_home, minmay_gold_behind_fungi
D:2:      chequers_ecumenical_altar_simple, uniq_sigmund
D:3:      fiery_altar_vehumet, grunt_temple_overflow_open
D:4:      serial_shops, nicolae_shop_behind_doors, minmay_hedge_maze

Skill      XL: |  1  2  3  4  5  6  7 |
---------------+----------------------+-----
Fighting       | 4 5 |  5.0
Maces & Flails | 4 5 |  5.8
Stealth        | 1 |  1.6
Throwing       | 1 |  1.4
Armour         | |  2.5
Dodging        | |  2.0

Action                   |  1- 3 |  4- 6 |  7- 9 || total
-------------------------+-------+-------+-------++-------
Melee: Mace              |   112 |    92 |       ||   204
       Flail             |       |    62 |    22 ||    84
Throw: Stone             |       |    43 |     2 ||    45
Invok: Berserk           |     2 |     2 |     1 ||     5
  Use: Scroll            |     1 |     2 |       ||     3
 Stab: Sleeping          |     1 |       |       ||     1
  Eat: Chunk             |     2 |     6 |     2 ||    10
Armor: Animal skin       |    27 |       |       ||    27
       Leather armour    |       |    53 |       ||    53
       Chain mail        |       |     6 |    10 ||    16
Dodge: Dodged            |    76 |   122 |     9 ||   207

Table legend:
 A = Non-vault XP
 B = Vault XP
 C = Vault XP percentage of total XP
 D = Non-vault monster count
 E = Vault monster count
 F = Vault count percentage of total count
                 A         B        C        D         E       F
            +---------+---------+-------+---------+---------+-------
      Total |     443 |     223 |  33.5 |      81 |       1 |   1.2
            +---------+---------+-------+---------+---------+-------
        D:1 |      59 |       0 |   0.0 |      28 |       0 |   0.0
        D:2 |      27 |     223 |  89.2 |      12 |       1 |   7.7
        D:3 |     115 |       0 |   0.0 |      26 |       0 |   0.0
        D:4 |     242 |       0 |   0.0 |      15 |       0 |   0.0
            +---------+---------+-------+---------+---------+-------
